 Dungeon Crawl Stone Soup version 0.27-a0-1597-ge58577e147 (webtiles) character file.

Game seed: 9958767823923800359

41 Lusmu the Caller (level 3, -3/19 HPs)
             Began as a Tengu Summoner on July 21, 2021.
             Slain by a goblin (5 damage)
             ... on level 2 of the Dungeon.
             The game lasted 00:05:46 (1696 turns).

Lusmu the Caller (Tengu Summoner)                   Turns: 1696, Time: 00:05:47

Health: -3/19      AC:  3    Str:  9    XL:     3   Next: 52%
Magic:  4/7        EV: 12    Int: 15    God:
Gold:   59         SH:  0    Dex: 14    Spells: 3/7 levels left

rFire    . . .     SeeInvis .   b - +0 whip
rCold    . . .     Faith    .   (no shield)
rNeg     . . .     Spirit   .   a - +0 robe
rPois    .         Reflect  .   (helmet restricted)
rElec    .         Harm     .   d - +0 cloak
rCorr    .         Rampage  .   (no gloves)
Will     .....                  (boots unavailable)
Stlth    ++........             (no amulet)
HPRegen  0.06/turn              (no ring)
MPRegen  0.10/turn              (no ring)

@: no status effects
A: beak, talons 3
a: no special abilities


You were on level 2 of the Dungeon.
You visited 1 branch of the dungeon, and saw 2 of its levels.

You collected 59 gold pieces.

Inventory:

Hand Weapons
 b - a +0 whip (weapon)
Armour
 a - a +0 robe (worn)
 d - a +0 cloak (worn)
Jewellery
 f - a +6 ring of dexterity
Scrolls
 c - 2 scrolls of magic mapping {unknown}
 e - a scroll of amnesia {unknown}
Potions
 g - a potion of mutation {unknown}


   Skills:
 - Level 2.1 Dodging
 + Level 2.8 Stealth
 + Level 2.6 Spellcasting
 + Level 5.3 Summonings


You had 3 spell levels left.
You knew the following spells:

 Your Spells              Type           Power      Damage    Failure   Level
a - Summon Small Mammal   Summ           68%        N/A       2%          1
b - Call Canine Familiar  Summ           17%        N/A       7%          3

Your spell library contained the following spells:

 Spells                   Type           Power      Damage    Failure   Level
 Call Imp                 Summ           17%        N/A       3%          2
 Summon Guardian Golem    Hex/Summ       9%         N/A       22%         3
 Static Discharge         Conj/Air       1%         N/A       32%         2
 Dazzling Flash           Conj/Hex       2%         N/A       54%         3
 Summon Lightning Spire   Summ/Air       9%         N/A       56%         4
 Dispel Undead            Necr           1%         3d6       91%         4
 Sticky Flame             Conj/Fire      1%         2d3       91%         4
 Agony                    Necr           1%         N/A       99%         5
 Silence                  Hex/Air        0%         N/A       99%         5


Dungeon Overview and Level Annotations

Branches:
Dungeon (2/15)

Altars:

Shops:
D:1 [

Annotations:
D:2 Robin


Innate Abilities, Weirdness & Mutations

You have a beak for a mouth.
You have claws for feet.


Message History

A goblin comes into view. It is wielding a +0 dagger.
You see here 2 gold pieces.
You now have 59 gold pieces (gained 2).
The goblin shouts!
Robin of the Strong Arm comes into view.
They are wielding a +0 dagger.
Robin shouts!
The goblin shouts!
You hear a shout!
A goblin comes into view. It is wielding a +0 dagger.
A goblin comes into view. It is wielding a +0 club.
A goblin comes into view. It is wielding a +0 dagger.
A hobgoblin comes into view.
Robin hits you with a +0 dagger. Robin throws the goblin at you!
Casting: Call Canine Familiar (extremely dangerous; 7% risk of failure)
Confirm with . or Enter, or press ? or * to list all spells.
The spell is extremely dangerous to cast (7% risk of failure)!
Continue anyway?
The goblin shouts!
The hobgoblin shouts!
The goblin closely misses you. The goblin closely misses your hound.
Robin roars a battlecry!
The goblins go into a battle-frenzy!
The goblin hits your hound with a +0 dagger.
You hit Robin. You claw Robin, but do no damage.
Robin is lightly wounded.
Your hound bites the goblin.
The goblin misses your hound. Robin throws the goblin at you!
The goblin barely misses your hound. The goblin hits you with a +0 dagger.
Your hound closely misses the goblin.
Your hound bites the goblin.
The goblin dies!
The goblin completely misses your hound.
The goblin hits you with a +0 dagger.
* * * LOW HITPOINT WARNING * * *
Your hound bites Robin.
The goblin hits your hound with a +0 dagger.
Robin throws the goblin at you!
Your hound bites Robin.
Something hits your hound. The goblin hits you with a +0 dagger.
* * * LOW HITPOINT WARNING * * *
The goblin hits you with a +0 dagger.
* * * LOW HITPOINT WARNING * * *
The goblin hits you with a +0 dagger.
You die...

...........# #####...####..
......##.#.###.)g..........
............g.g............
...#.......#h.#.#........##
...#.........##†##...#####
.........#.#.h###....#
##......##.##g.##....#
###.##...###.g###..#.#
..........#.@##)##.##.
###.##...###..#.#..#.##
#.....##.##.......#
#####..#.#..#####.#
##............
#.>.....####.. #.......#
#.##.##.# #. #..#.#


You could see 2 goblins and a friendly hound (summoned).

Vanquished Creatures
  A dart slug (D:1)
  5 endoplasms (D:1)
  2 giant cockroaches (D:1)
  A goblin (D:1)
  A jackal (D:1)
  2 ball pythons (D:1)
  4 bats (D:1)
  3 rats
19 creatures vanquished.

Vanquished Creatures (collateral kills)
  3 dart slugs
  3 ball pythons
  2 bats
  6 goblins
  A hobgoblin (D:1)
  A jackal (D:1)
  2 kobolds
18 creatures vanquished.

Vanquished Creatures (others)
  A plant (D:1)
1 creature vanquished.

Grand Total: 38 creatures vanquished

Notes
Turn   | Place    | Note
-------+----------+-------------------------------------------
     0 | D:1      | Lusmu the Tengu Summoner began the quest for the Orb.
     0 | D:1      | Reached XP level 1. HP: 10/10 MP: 4/4
   236 | D:1      | Reached skill level 5 in Summonings
   347 | D:1      | Reached XP level 2. HP: 12/15 MP: 6/6
   858 | D:1      | Found a faded altar of an unknown god.
   966 | D:1      | Reached XP level 3. HP: 11/19 MP: 7/7
  1105 | D:1      | Learned a level 3 spell: Call Canine Familiar
  1343 | D:1      | Found Xiokaeff's Armour Shop.
  1685 | D:2      | Noticed Robin
  1696 | D:2      | Slain by a goblin

Illustrated notes

Levels and vault maps discovered:
D:1:      psy_arrival_fountain, layout_basic,
          shapermc_ecumenical_altar_mp_urbaneastern, serial_shops,
          nicolae_shop_behind_doors, minmay_pentomino_o4
D:2:      layout_loops_cross, minivault_27, minmay_between, uniq_robin

Skill      XL: |  1 |
---------------+----+-----
Summonings     | 5 |  5.3
Dodging        | |  2.1
Stealth        | |  2.8
Spellcasting   | |  2.6

Action                   || total
-------------------------++-------
Melee: Whip              ||    59
       Peck              ||     5
       Kick              ||    10
 Cast: Summon Small Mamm ||    12
       Call Canine Famil ||     5
 Stab: Sleeping          ||     5
Armor: Robe              ||    22
Dodge: Dodged            ||    54

Table legend: (Time is in decaauts)
 A = Elapsed time spent in this place.
 B = Non-inter-level travel time spent in this place.
 C = Inter-level travel time spent in this place.
 D = Time resting spent in this place.
 E = Time spent auto-exploring this place.
 F = Levels seen in this place.
 G = Mean time per level.
                   A        B        C        D        E       F      G
               +--------+--------+--------+--------+--------+-----+--------+
         Total |   1701 |   1691 |     10 |    568 |    555 |   2 |  850.5 |
       Dungeon |   1701 |   1691 |     10 |    568 |    555 |   2 |  850.5 |
               +--------+--------+--------+--------+--------+-----+--------+

Top non-repeatable levels by time:
     D:1: 1489 daAuts
     D:2: 211 daAuts
